[Event "EYTCC Open U18 2022"]
[Site "Thessaloniki"]
[Date "2022.07.17"]
[Round "6.8"]
[White "Vagman, Roy"]
[Black "Kochavi, Ori"]
[Result "1-0"]
[ECO "B12"]
[WhiteElo "2180"]
[BlackElo "2364"]
[Annotator "ChessBase"]
[PlyCount "165"]
[EventDate "2022.07.12"]
[EventType "team-tourn"]
[EventCountry "GRE"]
[SourceTitle "playchess.com"]
[Source "ChessBase"]
[SourceQuality "1"]
[WhiteTeam "Israel"]
[BlackTeam "Israel"]
[WhiteTeamCountry "ISR"]
[BlackTeamCountry "ISR"]
[TimeControl "40/5400+30:1800+30"]

1. e4 c6 2. d4 d5 3. e5 Bf5 4. h4 h5 5. c4 e6 6. Nc3 dxc4 7. Bxc4 Nd7 8. Nge2 Be7 9. Be3 Nh6 10. Ng3 Bg6 11. Nxh5 Nf5 12. Nf4 Nxe3 13. fxe3 Bxh4+ 14. Kf1 Qg5 15. Qf3 O-O-O 16. Nxg6 Qxg6 17. Ne4 Be7 18. Ke2 Kb8 19. Bd3 Rxh1 20. Rxh1 f5 21. exf6 gxf6 22. g4 Qg8 23. Ng3 Nf8 24. b3 Qg5 25. Rh5 Qg7 26. a4 Rd5 27. Bc4 Rg5 28. Rxg5 Qxg5 29. Ne4 Qg6 30. Qf4+ Kc8 31. Bd3 Qg7 32. Kd2 Ng6 33. Qg3 e5 34. g5 Bb4+ 35. Kc2 f5 36. Nf6 e4 37. Bc4 Nf8 38. Nh5 Qe7 39. Qf4 Qh7 40. Nf6 Qh3 41. Bf1 Qf3 42. Qxf3 exf3 43. Bh3 Kd8 44. Bxf5 f2 45. Bh3 Be7 46. Ne4 Ke8 47. Kd3 Kf7 48. Ke2 Nh7 49. Kxf2 Nxg5 50. Nxg5+ Bxg5 51. Ke2 Ke7 52. e4 Kd6 53. e5+ Kc7 54. Kd3 Bc1 55. Bg2 Bb2 56. Kc4 Ba1 57. b4 Bb2 58. Bh3 Ba3 59. Bf5 Bb2 60. Bg6 Ba3 61. a5 Bb2 62. Be8 Ba3 63. Bg6 Bb2 64. Bc2 Ba3 65. Ba4 Bb2 66. b5 Ba3 67. a6 cxb5+ 68. Bxb5 bxa6 69. Bxa6 Kd7 70. Kd5 Bb2 71. Bb5+ Ke7 72. Ba4 a6 73. Ke4 a5 74. Bb3 Kd7 75. Bd1 Ke7 76. d5 Ba3 77. Bb3 Kd7 78. Kd3 Bb2 79. Ke4 Ba3 80. Ba4+ Ke7 81. Kd3 Bb2 82. d6+ Kd8 83. Ke4 1-0

[Event "EYTCC Open U18 2022"]
[Site "Thessaloniki"]
[Date "2022.07.17"]
[Round "6.9"]
[White "Svane, Frederik"]
[Black "Budisavljevic, Luka"]
[Result "1-0"]
[ECO "B30"]
[WhiteElo "2521"]
[BlackElo "2511"]
[Annotator "ChessBase"]
[PlyCount "69"]
[EventDate "2022.07.12"]
[EventType "team-tourn"]
[EventCountry "GRE"]
[SourceTitle "playchess.com"]
[Source "ChessBase"]
[SourceQuality "1"]
[WhiteTeam "Germany"]
[BlackTeam "Serbia"]
[WhiteTeamCountry "GER"]
[BlackTeamCountry "SRB"]
[TimeControl "40/5400+30:1800+30"]

1. e4 c5 2. Nf3 Nc6 3. Bb5 e6 4. O-O Nge7 5. Re1 a6 6. Bf1 b6 7. g3 Bb7 8. Bg2 Rc8 9. h4 h6 10. d3 d5 11. Nbd2 Nd4 12. Nh2 dxe4 13. dxe4 Ng6 14. h5 Ne5 15. f4 Nd7 16. c3 Nb5 17. Nc4 Qc7 18. Qg4 Na7 19. a4 Rd8 20. e5 Bxg2 21. Kxg2 b5 22. axb5 axb5 23. Nd6+ Bxd6 24. Qxg7 Bxe5 25. fxe5 Ke7 26. Rf1 Qb7+ 27. Kh3 Rdf8 28. Bxh6 Rhg8 29. Rxf7+ Rxf7 30. Qxg8 Nf8 31. Rd1 Nc6 32. Ng4 Nh7 33. Nf6 Nxf6 34. exf6+ Rxf6 35. Bg5 1-0

[Event "EYTCC Open U18 2022"]
[Site "Thessaloniki"]
[Date "2022.07.17"]
[Round "6.10"]
[White "Tadic, Stefan"]
[Black "Koellner, Ruben Gideon"]
[Result "1/2-1/2"]
[ECO "C78"]
[WhiteElo "2356"]
[BlackElo "2422"]
[Annotator "ChessBase"]
[PlyCount "114"]
[EventDate "2022.07.12"]
[EventType "team-tourn"]
[EventCountry "GRE"]
[SourceTitle "playchess.com"]
[Source "ChessBase"]
[SourceQuality "1"]
[WhiteTeam "Serbia"]
[BlackTeam "Germany"]
[WhiteTeamCountry "SRB"]
[BlackTeamCountry "GER"]
[TimeControl "40/5400+30:1800+30"]

1. e4 e5 2. Nf3 Nc6 3. Bb5 a6 4. Ba4 Nf6 5. O-O Bc5 6. Bxc6 dxc6 7. d3 Bg4 8. Nbd2 Nd7 9. Qe1 Qe7 10. h3 Bh5 11. Nh2 f6 12. Nb3 g5 13. Be3 Bd6 14. f3 Bf7 15. c3 a5 16. Rf2 a4 17. Nc1 h5 18. Ne2 Be6 19. Ng3 Qf7 20. b4 Qh7 21. a3 c5 22. Rf1 O-O 23. Rd1 b6 24. d4 Bc4 25. dxc5 bxc5 26. Nf5 cxb4 27. cxb4 Ra6 28. h4 Rc6 29. Qg3 Be6 30. hxg5 Bxf5 31. exf5 fxg5 32. Qxg5+ Kf7 33. g4 Rg8 34. Qh6 Qxf5 35. Kh1 Qg6 36. Qxh5 Rc3 37. Qxg6+ Kxg6 38. Bc1 Rh8 39. Kg2 e4 40. f4 e3 41. Nf3 Rc2+ 42. Kg3 e2 43. Rxd6+ cxd6 44. Re1 Rhc8 45. Bd2 Nf6 46. Rxe2 R8c4 47. Re6 Kg7 48. Kh4 Ne4 49. Be3 d5 50. f5 Kg8 51. b5 R4c3 52. Rg6+ Kf8 53. Bh6+ Ke8 54. Rg8+ Kf7 55. Rg7+ Ke8 56. Rg8+ Kf7 57. Rg7+ Ke8 1/2-1/2

[Event "EYTCC Open U18 2022"]
[Site "Thessaloniki"]
[Date "2022.07.17"]
[Round "6.11"]
[White "Koelle, Tobias"]
[Black "Ivanovic, Marko"]
[Result "1-0"]
[ECO "D85"]
[WhiteElo "2436"]
[BlackElo "2310"]
[Annotator "ChessBase"]
[PlyCount "81"]
[EventDate "2022.07.12"]
[EventType "team-tourn"]
[EventCountry "GRE"]
[SourceTitle "playchess.com"]
[Source "ChessBase"]
[SourceQuality "1"]
[WhiteTeam "Germany"]
[BlackTeam "Serbia"]
[WhiteTeamCountry "GER"]
[BlackTeamCountry "SRB"]
[TimeControl "40/5400+30:1800+30"]

1. d4 Nf6 2. c4 g6 3. Nc3 d5 4. cxd5 Nxd5 5. e4 Nxc3 6. bxc3 Bg7 7. Nf3 c5 8. Be3 Qa5 9. Qd2 Nc6 10. Rb1 a6 11. Rc1 cxd4 12. cxd4 Qxd2+ 13. Kxd2 e6 14. h4 O-O 15. h5 Rd8 16. Kc3 b5 17. h6 Bf6 18. Be2 Bb7 19. Rhd1 Rac8 20. Kb2 Na5 21. Bg5 Bxg5 22. Nxg5 Rxc1 23. Rxc1 Rc8 24. Rxc8+ Bxc8 25. Bg4 Bb7 26. Kc3 Nc6 27. f4 Nd8 28. Kb4 Bc6 29. Kc5 a5 30. d5 exd5 31. exd5 Be8 32. Kb6 a4 33. Kc7 b4 34. Bd1 b3 35. Bxb3 axb3 36. axb3 Ne6+ 37. Nxe6 fxe6 38. d6 g5 39. g3 gxf4 40. gxf4 Kf7 41. d7 1-0

[Event "EYTCC Open U18 2022"]
[Site "Thessaloniki"]
[Date "2022.07.17"]
[Round "6.12"]
[White "Ljepic, Andrej"]
[Black "Krastev, Alexander"]
[Result "0-1"]
[ECO "B40"]
[WhiteElo "2234"]
[BlackElo "2435"]
[Annotator "ChessBase"]
[PlyCount "98"]
[EventDate "2022.07.12"]
[EventType "team-tourn"]
[EventCountry "GRE"]
[SourceTitle "playchess.com"]
[Source "ChessBase"]
[SourceQuality "1"]
[WhiteTeam "Serbia"]
[BlackTeam "Germany"]
[WhiteTeamCountry "SRB"]
[BlackTeamCountry "GER"]
[TimeControl "40/5400+30:1800+30"]

1. e4 c5 2. Nf3 e6 3. g3 Nc6 4. Bg2 Nf6 5. d3 d6 6. O-O Be7 7. Nbd2 O-O 8. c3 e5 9. Nc4 Re8 10. Nh4 Bf8 11. Nf5 b5 12. Na3 Rb8 13. Qf3 g6 14. Nh6+ Kg7 15. g4 Be6 16. Bg5 Be7 17. h4 Ng8 18. Bxe7 Qxe7 19. Nxg8 Qxh4 20. Nf6 Qxf6 21. Qg3 Qg5 22. Bf3 Qd2 23. Rfc1 Qxb2 24. Nc2 Qxc3 25. Ne3 Qa3 26. g5 Nd4 27. Kg2 h5 28. gxh6+ Kh7 29. Qg5 Qa5 30. Qf6 Rg8 31. Nd5 Bxd5 32. exd5 Qc7 33. Bg4 Rbf8 34. f4 Qd8 35. fxe5 Qxf6 36. exf6 Kxh6 37. Bd7 Kg5 38. Rab1 b4 39. Re1 Kxf6 40. Re3 Rd8 41. Rf1+ Nf5 42. Bxf5 gxf5+ 43. Kf2 Rde8 44. Rfe1 Rxe3 45. Rxe3 a5 46. Rh3 a4 47. Rh6+ Ke5 48. Rh7 b3 49. axb3 axb3 0-1

[Event "EYTCC Open U18 2022"]
[Site "Thessaloniki"]
[Date "2022.07.17"]
[Round "6.13"]
[White "Borhy, Marcell"]
[Black "Subelj, Jan"]
[Result "1/2-1/2"]
[ECO "D30"]
[WhiteElo "2411"]
[BlackElo "2498"]
[Annotator "ChessBase"]
[PlyCount "62"]
[EventDate "2022.07.12"]
[EventType "team-tourn"]
[EventCountry "GRE"]
[SourceTitle "playchess.com"]
[Source "ChessBase"]
[SourceQuality "1"]
[WhiteTeam "Hungary"]
[BlackTeam "Slovenia"]
[WhiteTeamCountry "HUN"]
[BlackTeamCountry "SLO"]
[TimeControl "40/5400+30:1800+30"]

1. d4 d5 2. c4 e6 3. Nf3 c6 4. Nbd2 f5 5. g3 Nf6 6. Bg2 Bd6 7. O-O O-O 8. Ne5 Bd7 9. Ndf3 Be8 10. c5 Bc7 11. Bf4 Bh5 12. Nd3 Nbd7 13. Nfe5 Nxe5 14. Bxe5 Bxe5 15. Nxe5 Nd7 16. Nxd7 Qxd7 17. Qd2 Qc7 18. f4 Rfb8 19. Qe3 Bf7 20. Rfb1 a5 21. Rc1 b5 22. cxb6 Rxb6 23. Rc2 Qb7 24. b3 a4 25. bxa4 Rxa4 26. Rac1 h6 27. Qd2 Qa7 28. e3 Rba6 29. Rxc6 Rxc6 30. Rxc6 Rxa2 31. Rc2 Rxc2 1/2-1/2

[Event "EYTCC Open U18 2022"]
[Site "Thessaloniki"]
[Date "2022.07.17"]
[Round "6.14"]
[White "Marn, Jan"]
[Black "Juhasz, Agoston"]
[Result "0-1"]
[ECO "A48"]
[WhiteElo "2282"]
[BlackElo "2344"]
[Annotator "ChessBase"]
[PlyCount "165"]
[EventDate "2022.07.12"]
[EventType "team-tourn"]
[EventCountry "GRE"]
[SourceTitle "playchess.com"]
[Source "ChessBase"]
[SourceQuality "1"]
[WhiteTeam "Slovenia"]
[BlackTeam "Hungary"]
[WhiteTeamCountry "SLO"]
[BlackTeamCountry "HUN"]
[TimeControl "40/5400+30:1800+30"]

1. d4 Nf6 2. Nf3 g6 3. Nbd2 d5 4. b4 Bg7 5. e3 O-O 6. c4 Nc6 7. b5 Na5 8. c5 c6 9. a4 Nd7 10. Bb2 Nxc5 11. Rc1 Nd7 12. Bc3 cxb5 13. axb5 a6 14. Ra1 b6 15. bxa6 Bxa6 16. Bxa6 Rxa6 17. O-O Qc8 18. Bb4 Nc6 19. Qb3 Nxb4 20. Qxb4 e6 21. Nb3 Rxa1 22. Rxa1 Qc4 23. Qe7 Qxb3 24. Qxd7 Qb2 25. Qa7 Rc8 26. h4 Bf6 27. Rf1 b5 28. Qb7 Rf8 29. e4 dxe4 30. Qxe4 b4 31. Rb1 Qc3 32. Qb7 Bxd4 33. Nxd4 Qxd4 34. Qxb4 Qe5 35. g3 h5 36. Qb5 Qd4 37. Qb4 Qf6 38. Qf4 Qxf4 39. gxf4 Rd8 40. Kg2 Kg7 41. Rb7 Kf6 42. Kg3 Rd1 43. f3 Rg1+ 44. Kh2 Ra1 45. Kg3 Ra8 46. Rc7 Re8 47. Ra7 Re7 48. Ra6 Rd7 49. Ra5 Rb7 50. Ra6 Rc7 51. Ra5 Rd7 52. Kg2 Rd5 53. Ra7 e5 54. fxe5+ Rxe5 55. Kg3 Ke6 56. Rb7 f6 57. Rb6+ Kf5 58. Rb8 Ra5 59. Rc8 g5 60. hxg5 fxg5 61. Rf8+ Kg6 62. Rg8+ Kf6 63. Rf8+ Kg7 64. Rb8 Ra6 65. Rc8 Kg6 66. Rg8+ Kf5 67. Rf8+ Rf6 68. Ra8 Re6 69. Rf8+ Rf6 70. Ra8 h4+ 71. Kf2 Rb6 72. Rh8 Rb2+ 73. Ke3 Rg2 74. Rh6 Rh2 75. Rh5 Rh3 76. Rh8 g4 77. Rf8+ Ke5 78. Re8+ Kd5 79. Rd8+ Ke6 80. Re8+ Kf7 81. Re4 g3 82. Rg4 Rh2 83. Kd4 0-1

[Event "EYTCC Open U18 2022"]
[Site "Thessaloniki"]
[Date "2022.07.17"]
[Round "6.15"]
[White "Palczert, Matyas"]
[Black "Nareks, Matic"]
[Result "1-0"]
[ECO "B08"]
[WhiteElo "2321"]
[BlackElo "2221"]
[Annotator "ChessBase"]
[PlyCount "102"]
[EventDate "2022.07.12"]
[EventType "team-tourn"]
[EventCountry "GRE"]
[SourceTitle "playchess.com"]
[Source "ChessBase"]
[SourceQuality "1"]
[WhiteTeam "Hungary"]
[BlackTeam "Slovenia"]
[WhiteTeamCountry "HUN"]
[BlackTeamCountry "SLO"]
[TimeControl "40/5400+30:1800+30"]

1. e4 g6 2. d4 Bg7 3. Nf3 d6 4. Be2 Nf6 5. Nc3 O-O 6. O-O a6 7. a4 Nc6 8. d5 Nb4 9. a5 e6 10. h3 exd5 11. exd5 c6 12. dxc6 bxc6 13. Bf4 Nfd5 14. Nxd5 Nxd5 15. Bg5 Qc7 16. c4 Nb4 17. Bf4 Rd8 18. c5 Bf8 19. Qd2 Rb8 20. Bc4 Nd5 21. Bxd5 cxd5 22. Rac1 Bd7 23. cxd6 Qb7 24. Rc7 Qb5 25. Ne5 Qa4 26. Nxd7 Rxd7 27. Rxd7 Qxd7 28. Qxd5 Rb4 29. Bg3 h5 30. Rc1 Rb5 31. Rc5 Rxb2 32. Rc7 Rb5 33. Qe4 Qf5 34. Qxf5 Rxf5 35. Ra7 Rxa5 36. d7 Be7 37. Ra8+ Kg7 38. d8=Q Bxd8 39. Rxd8 Kf6 40. h4 Ra2 41. Rd6+ Kf5 42. Rd5+ Ke6 43. Re5+ Kf6 44. Rc5 Ra1+ 45. Kh2 Ra4 46. Be5+ Ke6 47. g3 Re4 48. Bf4 Ra4 49. Rc6+ Kd7 50. Rc7+ Ke6 51. Bg5 Kd5 1-0

[Event "EYTCC Open U18 2022"]
[Site "Thessaloniki"]
[Date "2022.07.17"]
[Round "6.16"]
[White "Lavrencic, Matic"]
[Black "Pasztor, Balazs"]
[Result "1/2-1/2"]
[ECO "B90"]
[WhiteElo "2151"]
[BlackElo "2336"]
[Annotator "ChessBase"]
[PlyCount "66"]
[EventDate "2022.07.12"]
[EventType "team-tourn"]
[EventCountry "GRE"]
[SourceTitle "playchess.com"]
[Source "ChessBase"]
[SourceQuality "1"]
[WhiteTeam "Slovenia"]
[BlackTeam "Hungary"]
[WhiteTeamCountry "SLO"]
[BlackTeamCountry "HUN"]
[TimeControl "40/5400+30:1800+30"]

1. e4 c5 2. Nf3 d6 3. d4 cxd4 4. Nxd4 Nf6 5. Nc3 a6 6. Be3 e5 7. Nb3 Be6 8. f3 h5 9. Qd2 Nbd7 10. Nd5 Bxd5 11. exd5 g6 12. O-O-O Nb6 13. Kb1 Nfxd5 14. Bf2 Nf6 15. Bh4 Be7 16. Bxf6 Bxf6 17. Qxd6 Qxd6 18. Rxd6 Bd8 19. Be2 Bc7 20. Rdd1 Ke7 21. Na5 Rab8 22. Nc4 Rhd8 23. Nxb6 Bxb6 24. Bc4 Rxd1+ 25. Rxd1 Rc8 26. Bd5 Rc7 27. c3 f5 28. Kc2 Rd7 29. Bc4 Rxd1 30. Kxd1 Bg1 31. h3 a5 32. Ke2 b6 33. Bd5 h4 1/2-1/2

[Event "EYTCC Open U18 2022"]
[Site "Thessaloniki"]
[Date "2022.07.17"]
[Round "6.17"]
[White "Zeneli, Klendi"]
[Black "Olsson, William"]
[Result "1-0"]
[ECO "B22"]
[WhiteElo "1921"]
[BlackElo "2284"]
[Annotator "ChessBase"]
[PlyCount "51"]
[EventDate "2022.07.12"]
[EventType "team-tourn"]
[EventCountry "GRE"]
[SourceTitle "playchess.com"]
[Source "ChessBase"]
[SourceQuality "1"]
[WhiteTeam "Albania"]
[BlackTeam "Sweden"]
[WhiteTeamCountry "ALB"]
[BlackTeamCountry "SWE"]
[TimeControl "40/5400+30:1800+30"]

1. e4 c5 2. c3 Nf6 3. e5 Nd5 4. d4 cxd4 5. cxd4 e6 6. Nc3 Nxc3 7. bxc3 Qc7 8. Bd2 d6 9. f4 Be7 10. Nf3 Nd7 11. Bd3 O-O 12. O-O f5 13. exf6 Nxf6 14. Qc2 Bd7 15. Rae1 h6 16. Nh4 Rfe8 17. Ng6 Rac8 18. Rf3 Nd5 19. Qd1 Bf6 20. Bb1 Qc4 21. Rg3 Qb5 22. Ne5 Ne7 23. Qh5 dxe5 24. fxe5 Rf8 25. Bxh6 Rxc3 26. Bxg7 1-0

[Event "EYTCC Open U18 2022"]
[Site "Thessaloniki"]
[Date "2022.07.17"]
[Round "6.18"]
[White "Falkevall, Axel"]
[Black "Xhembulla, Aleksander"]
[Result "0-1"]
[ECO "C90"]
[WhiteElo "2275"]
[BlackElo "1909"]
[Annotator "ChessBase"]
[PlyCount "100"]
[EventDate "2022.07.12"]
[EventType "team-tourn"]
[EventCountry "GRE"]
[SourceTitle "playchess.com"]
[Source "ChessBase"]
[SourceQuality "1"]
[WhiteTeam "Sweden"]
[BlackTeam "Albania"]
[WhiteTeamCountry "SWE"]
[BlackTeamCountry "ALB"]
[TimeControl "40/5400+30:1800+30"]

1. e4 e5 2. Nf3 Nc6 3. Bb5 a6 4. Ba4 Nf6 5. O-O Be7 6. d3 b5 7. Bb3 d6 8. c3 O-O 9. Re1 Na5 10. Bc2 c5 11. Nbd2 Nc6 12. Nf1 h6 13. Ne3 Re8 14. d4 exd4 15. cxd4 Bf8 16. a4 Bb7 17. Nf5 Nb4 18. d5 Nxc2 19. Qxc2 Qd7 20. Ng3 b4 21. b3 a5 22. Bb2 Qd8 23. Nf1 Nd7 24. Ne3 Nb6 25. Nd2 Ba6 26. Rac1 Qd7 27. Ba1 Rac8 28. Qb2 c4 29. bxc4 Nxa4 30. Qd4 Nc5 31. Nf5 f6 32. Re3 Kh7 33. g4 Qf7 34. Rh3 Qg6 35. Kh1 Qg5 36. Rf1 Rc7 37. Rg1 Bc8 38. Rh5 Qf4 39. g5 Bxf5 40. gxh6 Bxe4+ 41. Nxe4 Qf3+ 42. Rg2 Qxh5 43. hxg7 Bxg7 44. Rxg7+ Kxg7 45. Qxf6+ Kg8 46. Ng3 Rf7 47. Nxh5 Re1+ 48. Kg2 Rxf6 49. Nxf6+ Kf7 50. Bd4 Nb3 0-1

[Event "EYTCC Open U18 2022"]
[Site "Thessaloniki"]
[Date "2022.07.17"]
[Round "6.19"]
[White "Ramaj, Ergit"]
[Black "Wernberg, Hugo"]
[Result "1-0"]
[ECO "C58"]
[WhiteElo "1980"]
[BlackElo "2316"]
[Annotator "ChessBase"]
[PlyCount "73"]
[EventDate "2022.07.12"]
[EventType "team-tourn"]
[EventCountry "GRE"]
[SourceTitle "playchess.com"]
[Source "ChessBase"]
[SourceQuality "1"]
[WhiteTeam "Albania"]
[BlackTeam "Sweden"]
[WhiteTeamCountry "ALB"]
[BlackTeamCountry "SWE"]
[TimeControl "40/5400+30:1800+30"]

1. e4 e5 2. Nf3 Nc6 3. Bc4 Nf6 4. Ng5 d5 5. exd5 Na5 6. Bb5+ c6 7. dxc6 bxc6 8. Bd3 Nd5 9. Nf3 Bd6 10. O-O O-O 11. Re1 f5 12. Nxe5 Qf6 13. Nf3 g5 14. c4 Nf4 15. Bf1 g4 16. d4 gxf3 17. Qxf3 Ne6 18. Qc3 Bc7 19. b4 Nb7 20. c5 a5 21. b5 cxb5 22. Bxb5 a4 23. Bc4 Ba5 24. Qg3+ Kh8 25. Rxe6 Bxe6 26. Bf4 Bxc4 27. Be5 Rae8 28. Bxf6+ Rxf6 29. Na3 Bd5 30. Qd3 Nd8 31. Nc4 Ne6 32. Ne3 Nf4 33. Qb5 Bc6 34. Qxa5 Bxg2 35. Nxg2 Rg6 36. Kh1 Rxg2 37. Qd2 1-0

[Event "EYTCC Open U18 2022"]
[Site "Thessaloniki"]
[Date "2022.07.17"]
[Round "6.20"]
[White "Soderstrom, Adrian"]
[Black "Boci, Petro"]
[Result "1-0"]
[ECO "E17"]
[WhiteElo "2292"]
[BlackElo "1709"]
[Annotator "ChessBase"]
[PlyCount "59"]
[EventDate "2022.07.12"]
[EventType "team-tourn"]
[EventCountry "GRE"]
[SourceTitle "playchess.com"]
[Source "ChessBase"]
[SourceQuality "1"]
[WhiteTeam "Sweden"]
[BlackTeam "Albania"]
[WhiteTeamCountry "SWE"]
[BlackTeamCountry "ALB"]
[TimeControl "40/5400+30:1800+30"]

1. d4 Nf6 2. c4 e6 3. Nf3 b6 4. g3 Bb7 5. Bg2 Be7 6. O-O O-O 7. d5 exd5 8. Nh4 c6 9. cxd5 Nxd5 10. Nf5 Nc7 11. e4 d5 12. exd5 cxd5 13. Nc3 Bf6 14. Bf4 Bxc3 15. bxc3 Nd7 16. Qg4 Ne6 17. Bd6 Nf6 18. Qb4 Re8 19. Be7 Qd7 20. Bxf6 gxf6 21. Qh4 Ng5 22. g4 Rac8 23. Qh6 Ne6 24. Qxf6 Rc4 25. Rfe1 Re4 26. Bxe4 dxe4 27. Rad1 Qc7 28. Nh6+ Kf8 29. Qh8+ Ke7 30. Nf5# 1-0

[Event "EYTCC Open U18 2022"]
[Site "Thessaloniki"]
[Date "2022.07.17"]
[Round "6.21"]
[White "Ratnesan, Ranesh"]
[Black "Filip, Andrei"]
[Result "1/2-1/2"]
[ECO "E11"]
[WhiteElo "2269"]
[BlackElo "2344"]
[Annotator "ChessBase"]
[PlyCount "82"]
[EventDate "2022.07.12"]
[EventType "team-tourn"]
[EventCountry "GRE"]
[SourceTitle "playchess.com"]
[Source "ChessBase"]
[SourceQuality "1"]
[WhiteTeam "England"]
[BlackTeam "Romania"]
[WhiteTeamCountry "ENG"]
[BlackTeamCountry "ROU"]
[TimeControl "40/5400+30:1800+30"]

1. d4 Nf6 2. c4 e6 3. Nf3 Bb4+ 4. Bd2 c5 5. Bxb4 cxb4 6. a3 bxa3 7. Rxa3 O-O 8. Nc3 d5 9. cxd5 exd5 10. e3 Nc6 11. Bb5 Nb4 12. Ne5 Bf5 13. O-O Qe7 14. Nd3 a5 15. Nxb4 Qxb4 16. Rb3 Qd6 17. h3 b6 18. Bd3 Bd7 19. Nb5 Qe7 20. Qb1 a4 21. Rc3 Bxb5 22. Bxb5 Ne4 23. Rc2 Qb4 24. Bc6 Ra5 25. Rd1 Qb3 26. Qc1 g6 27. f3 Ng3 28. Kh2 Nf5 29. Rc3 Qb4 30. Qd2 Rc8 31. e4 Ne7 32. exd5 Rd8 33. Kh1 Nxd5 34. Ra3 Qxd2 35. Rxd2 b5 36. Bxd5 Rxd5 37. b3 b4 38. Rxa4 Rxa4 39. bxa4 b3 40. Rb2 Rxd4 41. Rxb3 Rxa4 1/2-1/2

[Event "EYTCC Open U18 2022"]
[Site "Thessaloniki"]
[Date "2022.07.17"]
[Round "6.22"]
[White "Stepanencu, Nicodim-Cosmin"]
[Black "Stoica, Savas Marin"]
[Result "1/2-1/2"]
[ECO "A15"]
[WhiteElo "2277"]
[BlackElo "2092"]
[Annotator "ChessBase"]
[PlyCount "82"]
[EventDate "2022.07.12"]
[EventType "team-tourn"]
[EventCountry "GRE"]
[SourceTitle "playchess.com"]
[Source "ChessBase"]
[SourceQuality "1"]
[WhiteTeam "Romania"]
[BlackTeam "England"]
[WhiteTeamCountry "ROU"]
[BlackTeamCountry "ENG"]
[TimeControl "40/5400+30:1800+30"]

1. c4 Nf6 2. Nf3 e6 3. Nc3 d5 4. e3 Nbd7 5. b3 c6 6. Bb2 Bd6 7. d4 O-O 8. Bd3 Qe7 9. O-O b6 10. Qe2 Bb7 11. cxd5 exd5 12. Ba6 Rab8 13. Bxb7 Rxb7 14. Rac1 Rc7 15. Rc2 Rfc8 16. Rfc1 Ne4 17. Nxe4 Qxe4 18. Ne1 c5 19. Qb5 Qe6 20. Nf3 h6 21. Ba3 Kh7 22. h3 Qf5 23. dxc5 bxc5 24. Bb2 Qe6 25. Rd2 Nb6 26. a4 c4 27. Bd4 cxb3 28. Rxc7 Rxc7 29. Qxb3 Nc4 30. Rd1 Qd7 31. Ba1 Rc5 32. Nd4 Be5 33. Qd3+ g6 34. f4 Bg7 35. Nb3 Rc7 36. Bxg7 Kxg7 37. Qd4+ Kh7 38. a5 Qe7 39. Rd3 Rb7 40. Kh2 Rb5 41. Rc3 a6 1/2-1/2

[Event "EYTCC Open U18 2022"]
[Site "Thessaloniki"]
[Date "2022.07.17"]
[Round "6.23"]
[White "Cont, Arya"]
[Black "Antonica, Dragos-Andrei"]
[Result "0-1"]
[ECO "C05"]
[WhiteElo "1968"]
[BlackElo "2355"]
[Annotator "ChessBase"]
[PlyCount "93"]
[EventDate "2022.07.12"]
[EventType "team-tourn"]
[EventCountry "GRE"]
[SourceTitle "playchess.com"]
[Source "ChessBase"]
[SourceQuality "1"]
[WhiteTeam "England"]
[BlackTeam "Romania"]
[WhiteTeamCountry "ENG"]
[BlackTeamCountry "ROU"]
[TimeControl "40/5400+30:1800+30"]

1. e4 e6 2. d4 d5 3. Nd2 Nf6 4. Bd3 c5 5. exd5 Qxd5 6. Bb5+ Nc6 7. Bxc6+ Qxc6 8. Ngf3 b6 9. O-O Bb7 10. dxc5 Bxc5 11. Nb3 Be7 12. Qe2 O-O 13. Bg5 h6 14. Nbd4 Qc8 15. Bxf6 Bxf6 16. c4 Qc5 17. Rfd1 Rfd8 18. Nb5 a6 19. Nc3 Rac8 20. Rxd8+ Rxd8 21. Rd1 Rc8 22. Nd2 Qc6 23. f3 Bd4+ 24. Kf1 Bxc3 25. bxc3 a5 26. Rb1 Ba6 27. Kg1 Rd8 28. Rb2 a4 29. Rb4 Qc5+ 30. Kf1 Rxd2 31. Qxd2 Bxc4+ 32. Rxc4 Qxc4+ 33. Ke1 f5 34. Kd1 Qf1+ 35. Kc2 Qa1 36. Kd3 a3 37. Qc2 Kh7 38. Qe2 b5 39. g4 Qb1+ 40. Kd4 Qg1+ 41. Ke5 Qb6 42. Qd3 Qb8+ 43. Kd4 Qd6+ 44. Ke3 Qe5+ 45. Kf2 Qxh2+ 46. Ke3 Qxa2 47. Kd4 0-1

[Event "EYTCC Open U18 2022"]
[Site "Thessaloniki"]
[Date "2022.07.17"]
[Round "6.24"]
[White "Antal, Hunor-Zoltan"]
[Black "Dias, Savin"]
[Result "1-0"]
[ECO "B36"]
[WhiteElo "2263"]
[BlackElo "1894"]
[Annotator "ChessBase"]
[PlyCount "95"]
[EventDate "2022.07.12"]
[EventType "team-tourn"]
[EventCountry "GRE"]
[SourceTitle "playchess.com"]
[Source "ChessBase"]
[SourceQuality "1"]
[WhiteTeam "Romania"]
[BlackTeam "England"]
[WhiteTeamCountry "ROU"]
[BlackTeamCountry "ENG"]
[TimeControl "40/5400+30:1800+30"]

1. e4 c5 2. Nf3 g6 3. d4 cxd4 4. Nxd4 Nc6 5. c4 Nf6 6. Nc3 Nxd4 7. Qxd4 Bg7 8. Be3 O-O 9. Qd2 d6 10. f3 Bd7 11. Rc1 a5 12. b3 Bc6 13. Be2 Nd7 14. O-O Nc5 15. Rfd1 Qb6 16. Bf1 a4 17. b4 Qxb4 18. Nd5 Qxd2 19. Nxe7+ Kh8 20. Rxd2 Be5 21. f4 Nxe4 22. fxe5 Nxd2 23. Bxd2 dxe5 24. Bb4 Rfe8 25. Bd6 f6 26. c5 Kg7 27. Rb1 Be4 28. Rb4 f5 29. Bb5 Kf6 30. Bxe8 Rxe8 31. Rxa4 Rxe7 32. Bxe7+ Kxe7 33. Rb4 Ke6 34. g4 Kd7 35. gxf5 gxf5 36. Rb6 Bc6 37. Rb3 Be4 38. Rh3 f4 39. Rh6 Bg6 40. h4 Bf5 41. a4 f3 42. Kf2 e4 43. h5 Kd8 44. a5 Kd7 45. Ke3 Ke7 46. c6 bxc6 47. a6 Bc8 48. a7 1-0

[Event "EYTCC Open U18 2022"]
[Site "Thessaloniki"]
[Date "2022.07.17"]
[Round "6.25"]
[White "Atis, Hasan"]
[Black "Morgunov, Marc"]
[Result "0-1"]
[ECO "B69"]
[WhiteElo "1956"]
[BlackElo "2376"]
[Annotator "ChessBase"]
[PlyCount "92"]
[EventDate "2022.07.12"]
[EventType "team-tourn"]
[EventCountry "GRE"]
[SourceTitle "playchess.com"]
[Source "ChessBase"]
[SourceQuality "1"]
[WhiteTeam "Turkey"]
[BlackTeam "Austria"]
[WhiteTeamCountry "TUR"]
[BlackTeamCountry "AUT"]
[TimeControl "40/5400+30:1800+30"]

1. e4 c5 2. Nf3 d6 3. d4 cxd4 4. Nxd4 Nf6 5. Nc3 Nc6 6. Bg5 Bd7 7. Qd2 a6 8. O-O-O e6 9. f4 Be7 10. Nf3 b5 11. Bxf6 gxf6 12. Kb1 Qb6 13. f5 h5 14. g3 Ne5 15. Nd4 Rc8 16. fxe6 fxe6 17. Bh3 Ng4 18. Bxg4 hxg4 19. h3 gxh3 20. Rh2 Rc5 21. Qd3 Rch5 22. Rdh1 Qc5 23. Nce2 e5 24. Nf5 Bxf5 25. exf5 Qc4 26. Qf3 d5 27. Nc3 e4 28. Qf4 b4 29. Ne2 Kd7 30. Rd1 Bd6 31. Qf2 Rc8 32. Nf4 Rxf5 33. Rxh3 Bxf4 34. gxf4 Rxf4 35. Qh2 Rf1 36. Rh7+ Kc6 37. Qh5 Kb6 38. Ka1 Qxc2 39. Rb7+ Kxb7 40. Qxd5+ Qc6 41. Qxc6+ Rxc6 42. Rxf1 e3 43. Kb1 e2 44. Re1 Re6 45. Kc2 Kc6 46. Kd3 Kd5 0-1